 Dungeon Crawl Stone Soup version 0.27.1-35-g4d5d836560 (webtiles) character file.

Game seed: 9939137758941698803

263 Delamore the Sneak (level 6, -3/39 HPs)
             Began as an Octopode Brigand on May 2, 2022.
             Was an Initiate of Gozag.
             Killed by divine providence
             ... invoked by an orc priest
              (11 damage)
             ... on level 5 of the Dungeon.
             The game lasted 00:03:09 (4006 turns).

Delamore the Sneak (Octopode Brigand)               Turns: 4006, Time: 00:03:10

Health: -3/39      AC:  1    Str: 11    XL:     6   Next: 19%
Magic:  6/6        EV: 16    Int: 13    God:    Gozag
Gold:   180        SH:  0    Dex: 15    Spells: 5/5 levels left

rFire    . . .     SeeInvis .   r - +2 short sword (elec)
rCold    . . .     Faith    .   (no shield)
rNeg     . . .     Spirit   .   (helmet restricted)
rPois    .         Reflect  .   p - amulet of regeneration
rElec    .         Harm     .   f - +4 ring of evasion
rCorr    .         Rampage  .   (no ring)
Will     .....                  (no ring)
Stlth    +++++.....             (no ring)
HPRegen  1.13/turn              (no ring)
MPRegen  0.10/turn              (no ring)
                                (no ring)
                                (no ring)

@: gold aura
A: almost no armour, amphibious, 8 rings, camouflage 1, gelatinous body 1,
(nimble swimmer 1), tentacles
a: Renounce Religion, Potion Petition, Call Merchant, Bribe Branch


You were on level 5 of the Dungeon.
You worshipped Gozag.
Gozag was aware of your devotion.
You visited 2 branches of the dungeon, and saw 6 of its levels.

You collected 236 gold pieces.
You paid 56 gold pieces to Gozag.

Inventory:

Hand Weapons
 a - a +2 dagger
 m - a +2 short sword of holy wrath
 r - a +2 short sword of electrocution (weapon)
Missiles
 b - 8 poisoned darts (quivered)
 c - 2 curare-tipped darts
 g - a throwing net
 j - 2 atropa-tipped darts
 q - 9 boomerangs
Jewellery
 f - a +4 ring of evasion (left tentacle)
 o - an amulet of guardian spirit
 p - an amulet of regeneration (around mantle)
Wands
 v - a wand of charming (8)
Scrolls
 d - a scroll of teleportation
 h - a scroll of vulnerability
 l - a scroll of noise {unknown}
 n - a scroll of blinking {unknown}
 u - a scroll of fear {unknown}
Potions
 e - a potion of berserk rage {unknown}
 i - 3 potions of degeneration {unknown}
 k - 2 potions of flight {unknown}
 s - a potion of curing {unknown}
 t - 2 potions of brilliance {unknown}


   Skills:
 - Level 2.0 Fighting
 * Level 5.3 Short Blades
 - Level 2.0 Throwing
 - Level 1.0 Dodging
 + Level 7.2 Stealth


You had 5 spell levels left.
You didn't know any spells.
Your spell library was empty.

Dungeon Overview and Level Annotations

Branches:
Dungeon (5/15)             Temple (1/1) D:4

Altars:
Fedhas
Gozag
Nemelex Xobeh
Qazlal

Shops:
D:4 *

Annotations:
D:3 1 transporter


Innate Abilities, Weirdness & Mutations

You cannot wear most types of armour.
You are amphibious.
You can wear up to eight rings at the same time.
Your skin changes colour to match your surroundings (Stealth+).
Your rubbery body absorbs attacks. (AC +1, EV +1)
((You are camouflaged near water. (Stealth+)))
You have tentacles for arms and can constrict up to eight enemies at once.


Message History

Your experience leads to an increase in your attributes!
Increase (S)trength, (I)ntelligence, or (D)exterity?
You feel agile.
The orc priest casts a cantrip, but nothing happens.
The orc priest misses you. The orc wizard barely misses you.
The orc closely misses you.
You hit the orc priest. You grab the orc priest.
You squeeze the orc priest, but do no damage.
The orc priest is lightly wounded.
You constrict the orc priest.
The orc priest calls upon Beogh to heal the orc priest.
The orc priest's wounds heal themselves!
The orc wizard completely misses you.
The orc priest calls down the wrath of Beogh upon you.
Pain shoots through your body!
You hit the orc priest.
The orc priest is heavily wounded.
You constrict the orc priest. The orc misses you. The orc priest misses you.
The orc wizard misses you.
You hit the orc priest.
Lightning courses through the orc priest!!
You kill the orc priest!
The orc barely misses you. The orc priest barely misses you.
The orc wizard mumbles some strange words.
The orc wizard flickers and vanishes!
You closely miss the orc priest. You grab the orc priest.
You constrict the orc priest.
The orc hits you from afar with a +0 trident!
The orc priest closely misses you. Something hits you.
You hit the orc priest.
The orc priest is heavily wounded.
You constrict the orc priest.
The orc hits you from afar with a +0 trident!
* * * LOW HITPOINT WARNING * * *
Something hits you.
* * * LOW HITPOINT WARNING * * *
The orc priest mumbles some strange prayers to Beogh against you.
Beogh smites you!
You die...
Your body crumbles into a pile of gold.

#.....#
#.....#
#.....#
#..[..#####
#..........
#.o........
#{..$......
#.@<.......
#$o........
#..........
#..........
#..........
#.....#####
#.....#
#.....+


You could see an orc priest and an orc.

Vanquished Creatures
  A water moccasin skeleton (D:4)
  A hound (D:4)
  2 orc priests (D:5)
  2 adders
  3 gnolls (D:2)
  A worm (D:4)
  3 dart slugs (D:1)
  4 orcs
  5 ball pythons
  3 bats
  3 endoplasms
  3 giant cockroaches
  5 goblins
  8 hobgoblins
  2 jackals (D:1)
  3 quokkas
  A frilled lizard (D:3)
  13 kobolds
  4 rats
67 creatures vanquished.

Notes
Turn   | Place    | Note
-------+----------+-------------------------------------------
     0 | D:1      | Delamore the Octopode Brigand began the quest for the Orb.
     0 | D:1      | Reached XP level 1. HP: 14/14 MP: 1/1
   169 | D:1      | Reached XP level 2. HP: 19/19 MP: 2/2
   585 | D:1      | Reached XP level 3. HP: 24/24 MP: 3/3
   742 | D:2      | Reached skill level 6 in Stealth
  1073 | D:2      | Reached XP level 4. HP: 29/29 MP: 4/4
  1090 | D:2      | Found a faded altar of an unknown god.
  3009 | D:3      | Found a sparkling altar of Nemelex Xobeh.
  3009 | D:3      | Found a transporter.
  3168 | D:4      | Reached XP level 5. HP: 34/34 MP: 5/5
  3371 | D:4      | Found an opulent altar of Gozag.
  3379 | D:4      | Found Gozag's Platinum Reserve.
  3391 | D:4      | Became a worshipper of Gozag Ym Sagoz the Greedy
  3627 | D:4      | Found a stormy altar of Qazlal.
  3714 | D:4      | Found a staircase to the Ecumenical Temple.
  3769 | D:4      | Reached skill level 7 in Stealth
  3945 | Temple   | Entered the Ecumenical Temple
  3999 | D:5      | Entered Level 5 of the Dungeon
  4001 | D:5      | Reached skill level 5 in Short Blades
  4001 | D:5      | Reached XP level 6. HP: 39/39 MP: 6/6
  4006 | D:5      | Killed from afar by an orc priest

Illustrated notes

Levels and vault maps discovered:
D:1:      minmay_arrival_five_plusses, layout_loops_ring
D:2:      layout_basic, hellmonk_ecumenical_altar_leap_of_faith
D:3:      cheibrodos_greedy_goblins, layout_loops_corners,
          grunt_nemelex_the_gamble
D:4:      layout_loops_corners, kennysheep_mini,
          nicolae_gozag_zags_fifth_avenue, minmay_temple_entry_enclosed_plants
D:5:      layout_gridville, uniq_blork_the_orc, uniq_edmund
Temple:   regret_index_temple_waves

Skill      XL: |  1  2  3  4  5 |
---------------+----------------+-----
Short Blades   | 3 4 5 |  5.3
Stealth        | 6 7 |  7.2
Fighting       | |  2.0
Throwing       | |  2.0
Dodging        | |  1.0

Action                   |  1- 3 |  4- 6 || total
-------------------------+-------+-------++-------
Melee: Dagger            |    30 |    46 ||    76
       Constrict         |     7 |    14 ||    21
       Tentacles         |     1 |    10 ||    11
       Short sword       |       |    28 ||    28
Throw: Dart              |     5 |     9 ||    14
  Use: Scroll            |     2 |       ||     2
 Stab: Sleeping          |    14 |    19 ||    33
       Distracted        |       |     1 ||     1
Armor: Skin              |     1 |     4 ||     5
Dodge: Dodged            |    12 |    39 ||    51
